 Dungeon Crawl Stone Soup version 0.15.2 (webtiles) character file.

81 theanonym the Slasher (level 4, 0/31 HPs)
             Began as a High Elf Death Knight on Dec 6, 2018.
             Was a Believer of Yredelemnul.
             Succumbed to a giant mite's poison
             ... on Level 3 of the Dungeon.
             The game lasted 00:05:02 (2898 turns).

theanonym the Slasher (High Elf Death Knight)       Turns: 2898, Time: 00:05:03

HP   0/31        AC  9     Str 13      XL: 4   Next: 19%
MP   9/9         EV  8     Int 15      God: Yredelemnul [**....]
Gold 160         SH  0     Dex 14      Spells:  0 memorised,  3 levels left

rFire  . . .     SeeInvis .     a - +2 falchion
rCold  . . .     Clarity  .     i - +0 scale mail
rNeg   . . .     rCorr    .     (no shield)
rPois  .         rRot     .     (no helmet)
rElec  .         Spirit   .     e - +2 cloak
SustAb .         Warding  .     (no gloves)
rMut   .         Stasis   .     (no boots)
Gourm  .                        (no amulet)
MR     .....                    (no ring)
                                (no ring)

@: lethally poisoned, not resistant to hostile enchantments, extremely
unstealthy
A: no striking features
a: Animate Remains, Recall Undead Slaves, Injury Mirror, Renounce Religion


   Skills:
 + Level 3.0 Fighting
 * Level 4.7 Long Blades
 - Level 0.8 Armour
 - Level 1.1 Dodging
 - Level 3.0 Invocations


You had 3 spell levels left.
You didn't know any spells.

Action                   |  1- 3 |  4- 6 || total
-------------------------+-------+-------++-------
Melee: Falchion          |   161 |    21 ||   182
Invok: Animate Remains   |    11 |     2 ||    13
  Use: Scroll            |     4 |     1 ||     5
  Eat: Chunk             |     5 |     1 ||     6
       Beef jerky        |     1 |       ||     1

Inventory:

Hand weapons
 a - a +2 falchion (weapon)
Missiles
 k - 2 throwing nets (quivered)
Armour
 b - a +0 leather armour
 e - a +2 cloak (worn)
   (You found it on level 1 of the Dungeon)
 h - a +0 cloak
   (You found it on level 1 of the Dungeon)
 i - a +0 scale mail (worn)
   (You found it on level 1 of the Dungeon)
Comestibles
 c - a bread ration
 j - a chunk of quokka flesh
Scrolls
 d - a scroll of identify
 f - a scroll of remove curse
 g - a scroll of random uselessness


You were on level 3 of the Dungeon.
You worshipped Yredelemnul.
Yredelemnul was pleased with you.
You were not hungry.

You visited 1 branch of the dungeon, and saw 3 of its levels.

You collected 160 gold pieces.

Dungeon Overview and Level Annotations

Branches:
Dungeon (3/15)

Altars:
Fedhas

Portals:
Sewer: D:3

Annotations:
D:2 exclusion: oklob plant

)#.............#..
.###.####.####.#.#
.# #.#..'.'..#.#.#
.# #.#..#.#.⌠#.#.#
.. #Z#'##.####.#.#
##.#...........#$#
.#.#Z##.####.#.#
#.#..'.'..#.#$#
#.#..#Z#..#.#@#
#.####.##+#.#.#
#......Z.Z..#..
#.####.##'#.####
#.#..+.+.%#.#
#.#..#.#..#.#
#.#'##.####.#
#...........#
#.#'##.####.#


There were no monsters in sight!

Notes
Turn   | Place    | Note
--------------------------------------------------------------
     0 | D:1      | theanonym, the High Elf Death Knight, began the quest for the Orb.
     0 | D:1      | Reached XP level 1. HP: 14/14 MP: 3/3
    73 | D:1      | Reached skill level 3 in Long Blades
   277 | D:1      | Reached XP level 2. HP: 19/19 MP: 4/4
   579 | D:1      | DEFE: 0.15
   627 | D:1      | DEFE: High Elf
   627 | D:1      | DEFE: Death Knight
   627 | D:1      | DEFE: Mmmm
   627 | D:1      | theanonym: да это чувствуется как будущая версия из-за того что половину контента вырезали
  1102 | D:2      | Found a blossoming altar of Fedhas.
  1123 | D:2      | Noticed an oklob plant
  1280 | D:2      | Reached XP level 3. HP: 25/25 MP: 7/7
  1297 | D:2      | HP: 9/25 [worm (5)]
  1298 | D:2      | HP: 2/25 [worm (7)]
  1595 | D:2      | Reached skill level 4 in Long Blades
  1609 | D:2      | DEFE: ??recall
  1613 | D:2      | beem: recall[1/1]: Warps all friendly creatures on the current level next to you - very useful. Level 3 summoning/translocations spell in the books of summonings and unlife. Yred and Beogh grant inter-level recall ability for the followers they grant.
  1643 | D:2      | theanonym: бот актуальную информацию для последней версии выдаёт
  1643 | D:2      | theanonym: неудобно
  1817 | D:2      | HP: 10/25 [adder (4)]
  1823 | D:2      | HP: 7/25 [poisoned by an adder]
  1830 | D:2      | HP: 6/25 [poisoned by an adder]
  1838 | D:2      | HP: 4/25 [poisoned by an adder]
  2245 | D:2      | Acquired Yredelemnul's second power
  2333 | D:2      | DEFE: можно как-то справшивать
  2435 | D:2      | DEFE: по старой версии
  2438 | D:2      | DEFE: я забыл как
  2575 | D:3      | DEFE: ??recall 0.15
  2575 | D:3      | beem: I don't have a page labeled recall_0.15 in my learndb.
  2741 | D:3      | Reached XP level 4. HP: 26/30 MP: 9/9
  2872 | D:3      | Found a glowing drain.
  2878 | D:3      | Reached skill level 3 in Fighting
  2882 | D:3      | HP: 14/31 [giant mite (2)]
  2887 | D:3      | HP: 6/31 [poisoned by a giant mite]
  2892 | D:3      | HP: 2/31 [poisoned by a giant mite]
  2898 | D:3      | Succumbed to a giant mite's poison

Vanquished Creatures
  An adder (D:2)
  A giant mite (D:3)
  2 worms
  2 giant geckos
  An ooze (D:2)
  An orc (D:3)
  2 giant cockroaches (D:2)
  4 goblins
  6 hobgoblins
  4 jackals (D:1)
  3 kobolds
  A quokka (D:3)
  7 bats
  2 giant newts
  8 rats
  2 toadstools (D:2)
47 creatures vanquished.

Vanquished Creatures (collateral kills)
  A giant cockroach (D:1)
  A goblin (D:1)
  A rat (D:1)
3 creatures vanquished.

Vanquished Creatures (others)
  A bat (D:3)
  A kobold (D:3)
  A giant newt zombie (D:3)
  A giant spore (D:3)
  A rat (D:3)
  A rat zombie (D:3)
  A fungus (D:2)
  6 toadstools (D:2)
13 creatures vanquished.

Grand Total: 63 creatures vanquished

Table legend:
 A = Turns spent in this place as a percentage of turns spent in the entire game.
 B = Non-inter-level travel turns spent in this place as a percentage of non-inter-level travel turns spent in the entire game.
 C = Inter-level travel turns spent in this place as a percentage of turns spent in this place.
 D = Turns resting spent in this place as a percentage of non-inter-level travel turns spent in this place.
 E = Turns spent auto-exploring this place as a percentage of non-inter-level travel turns spent in this place.
 F = Non-inter-level travel turns spent in this place divided by the number of levels of this place that you've seen.
                   A       B       C       D       E      F
               +-------+-------+-------+-------+-------+----------------------
         Total | 100.0 | 100.0 |   0.7 |   4.2 |  14.2 | 246.0
       Dungeon | 100.0 | 100.0 |   0.7 |   4.2 |  14.2 | 246.0
               +-------+-------+-------+-------+-------+----------------------
